 Dungeon Crawl Stone Soup version 0.31-a0-174-g85c54bcb58 (webtiles) character file.

Game seed: 17143541826398718927

268 qw the Shooter (level 6, -1/56 HPs)
             Began as a Naga Hunter on June 15, 2023.
             Succumbed to an adder's poison
             ... on level 4 of the Dungeon.
             The game lasted 00:00:59 (2337 turns).

qw the Shooter (Naga Hunter)                        Turns: 2337, Time: 00:01:00

Health: -1/56      AC:  4    Str: 13    XL:     6   Next: 21%
Magic:  1/6        EV:  9    Int: 10    God:
Gold:   167        SH:  0    Dex: 16    Spells: 5/5 levels left

rFire   + . .        Y - +0 shortbow
rCold   . . .        (shield currently unavailable)
rNeg    . . .        c - +0 leather armour
rPois   +            (no helmet)
rElec   .            (no cloak)
rCorr   .            h - +0 pair of gloves
SInv    +            (no barding)
Will    .....        i - amulet of guardian spirit
Stlth   ++           g - ring of protection from fire
HPRegen 0.29/turn    (no ring)
MPRegen 0.10/turn

%: guardian spirit
@: lethally poisoned (-1 -> -7), short of breath, very slow
A: AC +2, large, see invisible, deformed body, poison resistance, slowness 2,
spit poison 1, naga tail 1
a: Spit Poison


You were on level 4 of the Dungeon.
You visited 1 branch of the dungeon, and saw 5 of its levels.

You collected 167 gold pieces.


Innate Abilities, Weirdness & Mutations

Your serpentine skin is tough. (AC +2)
You have supernaturally acute eyesight. (SInv)
Armour fits poorly on your strangely shaped body.
Your system is resistant to poisons. (rPois)
You cover ground very slowly.
You can spit poison.
You have a snake-like lower body.


   Skills:
 + Level 3.3 Fighting
 - Level 6.1 Ranged Weapons
 - Level 1.5 Dodging
 - Level 1.5 Stealth


You had 5 spell levels left.
You didn't know any spells.
Your spell library was empty.

Inventory:

Hand Weapons
 Y - a +0 shortbow (weapon)
Armour
 c - a +0 leather armour (worn)
 h - a +0 pair of gloves (worn)
Jewellery
 g - a ring of protection from fire (left hand)
 i - an amulet of guardian spirit (around neck)
Potions
 a - a potion of enlightenment {unknown}
 b - a potion of invisibility {unknown}
 d - a potion of magic {unknown}
 e - a potion of heal wounds {unknown}
 f - a potion of might {unknown}
 j - a potion of berserk rage {unknown}
 l - a potion of cancellation {unknown}

Dungeon Overview and Level Annotations

Branches:
Dungeon (5/15)
 Temple: D:4-7

Altars:
Cheibriados
Qazlal

Shops:
D:3 (


Message History

Press: ? - help, Shift-Dir - straight line, f/p - adder The splash of poison misses the adder.
The adder bites you.
You are poisoned.
The adder poisons you! The adder bites you but does no damage.
The gnoll barely misses you.
2333 ||| READING scroll of teleportation.
As you read the scroll of teleportation, it crumbles to dust.
You feel strangely unstable.
You feel sick. The adder closely misses you. The gnoll closely misses you.
You shoot an arrow. The arrow closely misses the adder.
You feel sick. The adder bites you.
You are more poisoned.
The adder poisons you!
The gnoll hits you from afar with a +0 spear.
The adder bites you.
You are lethally poisoned!
The adder poisons you!
You shoot an arrow. The arrow hits the adder!
You kill the adder!
You have got your breath back.
You feel very sick. The gnoll barely misses you.
2336 ||| INVOKING Spit Poison.
Aiming: Spit Poison (1% risk of failure)
Press: ? - help, Shift-Dir - straight line, f - quokka The splash of poison hits the quokka.
The quokka is moderately wounded.
Your surroundings suddenly seem different.
You feel sick.
Enter note:
Enter note:
Enter note:
Enter note:
Enter note:
Enter note:
Enter note:
Enter note:
There is a lethal amount of poison in your body!
You die...

##..## ##....##### ####
###..#....#.####..#####
##....##......##.....#.#
#.....##.#...###........
##....##....###.........
##...........###.........
#####...%###.....##..........
#.........##@....#.........(.
##..........##.......#......)[
##..##..........#........#...##
#...####........#........#...#.
#...####.......##............#.
#..##.##.......####..........#.
##..............#........##..##
##.............#........###.##
#..............#........# #..#


There were no monsters in sight!

Vanquished Creatures
  A scorpion (D:4)
  A jelly (D:4)
  4 adders
  3 gnolls
  An ufetubus (D:4)
  A worm (D:2)
  7 dart slugs
  6 orcs
  10 endoplasms
  A giant cockroach (D:2)
  5 goblins
  9 hobgoblins
  6 jackals
  4 quokkas
  7 ball pythons
  4 bats
  5 frilled lizards
  8 kobolds
  8 rats
91 creatures vanquished.

Notes
Turn   | Place    | Note
-------+----------+-------------------------------------------
     0 | D:1      | qw the Naga Hunter began the quest for the Orb.
     0 | D:1      | Reached XP level 1. HP: 19/19 MP: 1/1
     0 | D:1      | 0 ||| qw: Version: 0.2-a-29-g511e9b1
     0 | D:1      | 0 ||| qw: Game counter: 5180
     0 | D:1      | 0 ||| qw: Always use a shield: true
     0 | D:1      | 0 ||| qw: God list: Okawaru
     0 | D:1      | 0 ||| qw: Allow faded altars: false
     0 | D:1      | 0 ||| qw: Do Orc after D:15 true
     0 | D:1      | 0 ||| qw: Do second Lair branch before Depths: true
     0 | D:1      | 0 ||| qw: Lair rune preference: random
     0 | D:1      | 0 ||| qw: Plans: Normal
     0 | D:1      | 0 ||| PLANNING D:1-11
     4 | D:1      | 4 ||| INVOKING Spit Poison.
    23 | D:1      | 23 ||| INVOKING Spit Poison.
    38 | D:1      | 38 ||| INVOKING Spit Poison.
    66 | D:1      | 66 ||| INVOKING Spit Poison.
    73 | D:1      | 73 ||| INVOKING Spit Poison.
    74 | D:1      | Reached skill level 4 in Ranged Weapons
    74 | D:1      | Reached XP level 2. HP: 26/26 MP: 2/2
    77 | D:1      | 77 ||| INVOKING Spit Poison.
    81 | D:1      | 81 ||| Stepping ~*~*~tactically~*~*~ (outnumbered).
    82 | D:1      | 82 ||| INVOKING Spit Poison.
    88 | D:1      | 88 ||| INVOKING Spit Poison.
    94 | D:1      | 94 ||| INVOKING Spit Poison.
    97 | D:1      | 97 ||| INVOKING Spit Poison.
   200 | D:1      | 200 ||| INVOKING Spit Poison.
   204 | D:1      | 204 ||| INVOKING Spit Poison.
   236 | D:1      | 236 ||| INVOKING Spit Poison.
   275 | D:1      | 275 ||| INVOKING Spit Poison.
   280 | D:1      | Reached XP level 3. HP: 24/32 MP: 3/3
   329 | D:1      | 329 ||| INVOKING Spit Poison.
   421 | D:1      | 421 ||| INVOKING Spit Poison.
   577 | D:1      | 577 ||| DROPPING ring of wizardry.
   578 | D:1      | 578 ||| READING scroll labelled SYLIKHL XATOSS.
   579 | D:1      | 579 ||| DROPPING scroll of butterflies.
   600 | D:2      | 600 ||| INVOKING Spit Poison.
   606 | D:2      | 606 ||| INVOKING Spit Poison.
   611 | D:2      | 611 ||| INVOKING Spit Poison.
   646 | D:2      | 646 ||| INVOKING Spit Poison.
   706 | D:2      | 706 ||| INVOKING Spit Poison.
   716 | D:2      | 716 ||| INVOKING Spit Poison.
   720 | D:2      | 720 ||| INVOKING Spit Poison.
   726 | D:2      | 726 ||| INVOKING Spit Poison.
   820 | D:2      | 820 ||| INVOKING Spit Poison.
   841 | D:2      | 841 ||| INVOKING Spit Poison.
   843 | D:2      | Reached skill level 5 in Ranged Weapons
   843 | D:2      | Reached XP level 4. HP: 39/39 MP: 4/4
   860 | D:2      | 860 ||| INVOKING Spit Poison.
   865 | D:2      | 865 ||| INVOKING Spit Poison.
   903 | D:2      | Found a faded altar of an unknown god.
  1075 | D:2      | 1075 ||| INVOKING Spit Poison.
  1084 | D:2      | 1084 ||| UPGRADING to +0 pair of gloves.
  1089 | D:2      | 1089 ||| UPGRADING to amulet of guardian spirit.
  1094 | D:2      | 1094 ||| UPGRADING to ring of protection from fire.
  1095 | D:2      | 1095 ||| READING scroll labelled PUAKOK NAMUOCS.
  1096 | D:2      | 1096 ||| READING scroll labelled WUKEBL JABE.
  1124 | D:3      | 1124 ||| INVOKING Spit Poison.
  1160 | D:3      | 1160 ||| INVOKING Spit Poison.
  1198 | D:3      | 1198 ||| INVOKING Spit Poison.
  1224 | D:3      | 1224 ||| INVOKING Spit Poison.
  1237 | D:3      | 1237 ||| INVOKING Spit Poison.
  1295 | D:3      | Found Olilaor's Antique Weapon Shoppe.
  1301 | D:3      | 1301 ||| SHOPLISTING glowing orcbow (182 gold, have 98).
  1332 | D:3      | 1332 ||| INVOKING Spit Poison.
  1343 | D:3      | 1343 ||| INVOKING Spit Poison.
  1393 | D:3      | 1393 ||| INVOKING Spit Poison.
  1500 | D:3      | 1500 ||| INVOKING Spit Poison.
  1539 | D:3      | 1539 ||| INVOKING Spit Poison.
  1549 | D:3      | 1549 ||| INVOKING Spit Poison.
  1776 | D:3      | Found a snail-covered altar of Cheibriados.
  1779 | D:3      | 1779 ||| READING 2 scrolls labelled XAANANK UJOS.
  1780 | D:3      | 1780 ||| READING scroll labelled FECLIXAJUNN.
  1785 | D:3      | 1785 ||| DROPPING scroll of vulnerability.
  1824 | D:4      | 1824 ||| PLANNING SEWER
  1860 | D:4      | 1860 ||| INVOKING Spit Poison.
  1864 | D:4      | 1864 ||| INVOKING Spit Poison.
  1885 | D:4      | 1885 ||| INVOKING Spit Poison.
  1889 | D:4      | 1889 ||| INVOKING Spit Poison.
  1891 | D:4      | Reached skill level 3 in Fighting
  1892 | D:4      | 1892 ||| INVOKING Spit Poison.
  1898 | D:4      | 1898 ||| INVOKING Spit Poison.
  1902 | D:4      | Reached XP level 5. HP: 49/49 MP: 5/5
  1924 | D:4      | 1924 ||| INVOKING Spit Poison.
  1927 | D:4      | 1927 ||| INVOKING Spit Poison.
  1931 | D:4      | You fall into a shaft and drop 1 floor!
  1931 | D:5      | Entered Level 5 of the Dungeon
  1953 | D:5      | 1953 ||| INVOKING Spit Poison.
  1957 | D:5      | 1957 ||| INVOKING Spit Poison.
  2082 | D:4      | Found a stormy altar of Qazlal.
  2122 | D:4      | 2122 ||| INVOKING Spit Poison.
  2208 | D:4      | 2208 ||| INVOKING Spit Poison.
  2239 | D:4      | 2239 ||| INVOKING Spit Poison.
  2249 | D:4      | 2249 ||| INVOKING Spit Poison.
  2257 | D:4      | 2257 ||| INVOKING Spit Poison.
  2261 | D:4      | 2261 ||| INVOKING Spit Poison.
  2263 | D:4      | Reached skill level 6 in Ranged Weapons
  2263 | D:4      | Reached XP level 6. HP: 54/56 MP: 6/6
  2301 | D:4      | 2301 ||| INVOKING Spit Poison.
  2306 | D:4      | 2306 ||| INVOKING Spit Poison.
  2316 | D:4      | 2316 ||| Stepping ~*~*~tactically~*~*~ (outnumbered).
  2317 | D:4      | 2317 ||| INVOKING Spit Poison.
  2320 | D:4      | 2320 ||| INVOKING Spit Poison.
  2325 | D:4      | 2325 ||| INVOKING Spit Poison.
  2327 | D:4      | 2327 ||| RIP SEWER
  2328 | D:4      | 2328 ||| PLANNING D:1-11
  2332 | D:4      | 2332 ||| INVOKING Spit Poison.
  2332 | D:4      | HP: 13/56 [adder (3)]
  2333 | D:4      | 2333 ||| READING scroll of teleportation.
  2334 | D:4      | HP: 6/56 [gnoll/+0 spear (3)]
  2336 | D:4      | 2336 ||| INVOKING Spit Poison.
  2336 | D:4      | HP: 1/56 [poisoned by an adder]
  2337 | D:4      | Succumbed to an adder's poison

Levels and vault maps discovered:
D:1:      spicycebolla_arrival_xxxplode, layout_rooms, minmay_misc_feat_roman,
          minivault_25
D:2:      layout_basic, ebering_ecumenical_altar_hall
D:3:      layout_loops_ring, lemuel_tele_altar, serial_shops,
          nicolae_square_shop, chequers_serial_rivers_room_a
D:4:      minmay_opposing_rooms, layout_cave_pools,
          mainiacjoe_overflow_brackets, gup_sewer_entry_pipe, eino_tiny_chamber,
          uniq_ijyb
D:5:      layout_basic

Skill      XL: |  1  2  3  4  5 |
---------------+----------------+-----
Ranged Weapons | 4 5 6 |  6.1
Fighting       | 3 |  3.3
Dodging        | |  1.5
Stealth        | |  1.5

Action                     |  1- 3 |  4- 6 || total
---------------------------+-------+-------++-------
   Fire: Shortbow          |    59 |    88 ||   147
Ability: Spit Poison       |    26 |    37 ||    63
    Use: Scroll            |     1 |     5 ||     6
 Armour: Leather armour    |     5 |     9 ||    14
  Dodge: Dodged            |    10 |    26 ||    36

Table legend:
 A = Non-vault XP
 B = Vault XP
 C = Vault XP percentage of total XP
 D = Non-vault monster count
 E = Vault monster count
 F = Vault count percentage of total count
                 A         B        C        D         E       F
            +---------+---------+-------+---------+---------+-------
      Total |     337 |      47 |  12.2 |      83 |       8 |   8.8
            +---------+---------+-------+---------+---------+-------
        D:1 |      43 |       0 |   0.0 |      22 |       0 |   0.0
        D:2 |      56 |       0 |   0.0 |      18 |       0 |   0.0
        D:3 |      33 |       0 |   0.0 |      19 |       0 |   0.0
        D:4 |     175 |      47 |  21.2 |      21 |       8 |  27.6
        D:5 |      30 |       0 |   0.0 |       3 |       0 |   0.0
            +---------+---------+-------+---------+---------+-------
